 Dungeon Crawl Stone Soup version 0.29-a0-187-ga23d9638d5 (webtiles) character file.

Game seed: 507646671802795261

462 tilp the Chiller (level 6, 28/28 HPs)
             Began as a Felid Ice Elementalist on Feb 21, 2022.
             Quit the game on level 5 of the Dungeon.
             The game lasted 00:08:50 (6946 turns).

tilp the Chiller (Felid Ice Elementalist)           Turns: 6946, Time: 00:08:50

Health: 28/28      AC:  2    Str:  4    XL:     6   Next: 79%
Magic:  11/11      EV: 18    Int: 18    God:
Gold:   209        SH:  5    Dex: 17    Spells: 3/11 levels left
                                        Lives:  1   Deaths: 1

rFire   . . .      SeeInvis +     - Unarmed
rCold   . . .      Faith    .   (shield unavailable)
rNeg    . . .      Spirit   .   (body armour unavailable)
rPois   .          Reflect  +   (helmet unavailable)
rElec   .          Harm     .   (cloak unavailable)
rCorr   +          Rampage  .   (gloves unavailable)
Will    .....                   (boots unavailable)
Stlth   +++.......              c - amulet of reflection
HPRegen 0.09/turn               f - ring of resist corrosion
MPRegen 0.12/turn               (no ring)

@: quick
A: very small, claws 1, fangs 3, see invisible, speed 1, shaggy fur 2, stealthy
paws, no weapons or thrown items, no armour, multi-lived
a: no special abilities


You were on level 5 of the Dungeon.
You visited 1 branch of the dungeon, and saw 5 of its levels.

You collected 209 gold pieces.

Inventory:

Jewellery
 c - an amulet of reflection (around neck)
 f - a ring of resist corrosion (left paw)
Scrolls
 d - 3 scrolls of teleportation
 g - a scroll of amnesia
 h - a scroll of blinking
Potions
 a - 2 potions of cancellation
 b - 2 potions of curing
 e - a potion of attraction


   Skills:
 * Level 3.3 Fighting
 - Level 4.0 Dodging
 + Level 4.5 Stealth
 * Level 3.4 Unarmed Combat
 - Level 3.0 Spellcasting
 - Level 2.0 Conjurations
 - Level 6.0 Ice Magic


You had 3 spell levels left.
You knew the following spells:

 Your Spells              Type           Power      Damage    Failure   Level
a - Freeze                Ice            96%        1d11      1%          1
b - Frozen Ramparts       Ice            48%        1d6       4%          3
c - Ozocubu's Armour      Ice            24%        N/A       4%          3
d - Magic Dart            Conj           36%        1d4       7%          1

Your spell library contained the following spells:

 Spells                   Type           Power      Damage    Failure   Level
 Static Discharge         Conj/Air       6%         N/A       16%         2
 Call Imp                 Summ           2%         N/A       24%         2
 Mephitic Cloud           Conj/Pois/Air  5%         N/A       36%         3
 Ignite Poison            Fire/Tmut/Pois 2%         N/A       43%         3
 Hailstorm                Conj/Ice       17%        3d6       30%         4
 Freezing Cloud           Conj/Ice/Air   6%         6-21      83%         5
 Lightning Bolt           Conj/Air       3%         1d14      96%         5
 Maxwell's Capacitive Co  Air            1%         ∞         100%        8


Dungeon Overview and Level Annotations

Branches:
Dungeon (5/15)
 Temple: D:4-7

Altars:
Kikubaaqudgha

Shops:
D:3 :   D:4 =


Innate Abilities, Weirdness & Mutations

You have sharp claws.
You have razor-sharp teeth.
You have supernaturally acute eyesight. (SInv)
You cover ground quickly. (Speed+)
You are covered in thick fur. (AC +2)
Your paws help you pounce on unaware monsters.
You are incapable of wielding weapons or throwing items.
You cannot wear armour.
You gain extra lives every three experience levels.


Message History

Casting: Magic Dart (safe; 7% risk of failure)
Confirm with . or Enter, or press ? or * to list all spells.
Casting: Frozen Ramparts (dangerous; 4% risk of failure)
Press: ? - help, Dir - look around, f - activate
Okay, then.
Casting: Frozen Ramparts (dangerous; 4% risk of failure)
Confirm with . or Enter, or press ? or * to list all spells.
A film of ice covers your body!
An orc warrior is nearby!
Casting: Ozocubu's Armour (dangerous; 4% risk of failure)
Confirm with . or Enter, or press ? or * to list all spells.
Casting: Frozen Ramparts (dangerous; 4% risk of failure)
Press: ? - help, Dir - look around, f - activate The walls around you are covered in ice.
The wall freezes the orc warrior.
Unknown command.
The wall freezes the orc warrior.
The orc warrior barely misses you.
The wall freezes the orc warrior.
You block the orc warrior's attack.
The wall freezes the orc warrior.
You block the orc warrior's attack.
The wall freezes the orc warrior.
The orc warrior misses you.
The wall freezes the orc warrior.
The orc warrior hits you from afar with a +0 trident!
The wall freezes the orc warrior.
The orc warrior hits you from afar with a +0 trident!
* * * LOW HITPOINT WARNING * * *
Unknown command.
Casting: Frozen Ramparts (dangerous; 4% risk of failure)
Confirm with . or Enter, or press ? or * to list all spells.
Aiming: Magic Dart (safe; 7% risk of failure)
Press: ? - help, Shift-Dir - straight line, f - orc warrior
Aim: an orc warrior, wielding a +0 trident and wearing a +0 plate armour (almost dead, 100% to hit)
The magic dart hits the orc warrior but does no damage.
The orc warrior is almost dead.
The frozen ramparts melt away.
The orc warrior closely misses you.
The orc warrior hits you from afar with a +0 trident!
You die...
You are now level 6!
You rejoin the land of the living...
Unknown command.
Are you sure you want to abandon this character and quit the game? (Confirm with "yes".)

................#.........# ..
........<.......#.........# ...
................#.........# ...
...........†>o..########.###+#...
'###'##########....# ##'##....#
..............#....# +...#....#
.......#.#....#....# #...'....#
.......#.#....#....# #...#>...#
.......#.#....#.@..# #...#....#
.###..##.######....######+#....#
'###..##.##.................####
.#....#...#.................#..#
.#....#.#.#.................'..#
.#...##.#.##................#..#
###.##..#..#................####
<##.##.###.##############)###
.'###..#.#..### ...........#


There were no monsters in sight!

Vanquished Creatures
  2 black bears
  A sky beast (D:5)
  A bullfrog (D:4)
  A scorpion (D:2)
  A bullfrog zombie (D:5)
  A centaur skeleton (D:5)
  4 orc priests
  3 iguanas
  An orc wizard (D:3)
  A hound zombie (D:5)
  A hound skeleton (D:5)
  3 gnolls (D:3)
  4 adders
  3 worms
  3 dart slugs
  24 orcs
  9 bats
  8 endoplasms
  6 giant cockroaches
  7 goblins
  7 hobgoblins
  2 jackals (D:1)
  6 kobolds
  A quokka (D:2)
  7 ball pythons
  5 frilled lizards
  3 rats
115 creatures vanquished.

Notes
Turn   | Place    | Note
-------+----------+-------------------------------------------
     0 | D:1      | tilp the Felid Ice Elementalist began the quest for the
                  | Orb.
     0 | D:1      | Reached XP level 1. HP: 7/7 MP: 4/4
   360 | D:1      | Reached XP level 2. HP: 10/11 MP: 3/6
   404 | D:1      | Reached skill level 4 in Ice Magic
  1012 | D:1      | Reached XP level 3. HP: 14/14 MP: 7/7
  1548 | D:1      | Found a faded altar of an unknown god.
  1555 | D:1      | Learned a level 3 spell: Frozen Ramparts
  1559 | D:1      | Learned a level 3 spell: Ozocubu's Armour
  1637 | D:2      | Noticed a scorpion
  1658 | D:2      | Killed a scorpion
  1659 | D:2      | Reached XP level 4. HP: 18/18 MP: 1/9
  1742 | D:2      | Learned a level 1 spell: Magic Dart
  1970 | D:2      | Reached skill level 5 in Ice Magic
  2437 | D:3      | Reached XP level 5. HP: 19/21 MP: 0/10
  2898 | D:3      | Reached skill level 1 in Conjurations
  2995 | D:3      | Found Pyd Yfo's Book Emporium.
  3729 | D:3      | Found an ancient bone altar of Kikubaaqudgha.
  4216 | D:4      | Reached skill level 6 in Ice Magic
  4216 | D:4      | Gained mutation: You are covered in thick fur. (AC +2)
                  | [Felid growth]
  4216 | D:4      | Reached XP level 6. HP: 21/24 MP: 2/11
  4427 | D:4      | Reached skill level 1 in Fighting
  4427 | D:4      | Reached skill level 1 in Unarmed Combat
  4566 | D:4      | Found Ecvum's Jewellery Shop.
  5428 | D:4      | Reached XP level 7. HP: 29/29 MP: 5/12
  5954 | D:5      | Entered Level 5 of the Dungeon
  6945 | D:5      | Slain by an orc warrior
  6946 | D:5      | Reached XP level 6. HP: -1/28 MP: 1/11
  6946 | D:5      | Quit the game

Illustrated notes

Levels and vault maps discovered:
D:1:      lightli_arrival_lavapool, layout_basic,
          dilly_ecumenical_altar_fadedgnrine
D:2:      layout_rooms, serial_park_tiny_1
D:3:      cheibrodos_greedy_goblins, layout_basic, mainiacjoe_overflow_brackets,
          serial_shops, shop
D:4:      layout_loops_corners, serial_shops, nicolae_lakefront_shop,
          roderic_roman_lattice
D:5:      minmay_general_purpose_star, layout_gridville, minivault_4

Skill      XL: |  1  2  3  4  5  6  7 |
---------------+----------------------+-----
Ice Magic      | 4 5 6 |  6.0
Spellcasting   | 3 |  3.0
Conjurations   | 2 |  2.0
Fighting       | 1 3 |  3.3
Dodging        | 3 4 |  4.0
Stealth        | 3 4 |  4.5
Unarmed Combat | 1 3 |  3.4

Action                   |  1- 3 |  4- 6 |  7- 9 || total
-------------------------+-------+-------+-------++-------
Melee: Unarmed           |    13 |    28 |    31 ||    72
       Bite              |     1 |       |     4 ||     5
       Punch             |       |       |     3 ||     3
 Cast: Freeze            |    43 |    26 |    14 ||    83
       Frozen Ramparts   |     2 |    27 |     9 ||    38
       Magic Dart        |       |    24 |    22 ||    46
       Ozocubu's Armour  |       |    12 |     9 ||    21
  Use: Scroll            |       |     6 |     3 ||     9
 Stab: Sleeping          |     6 |     8 |     1 ||    15
Armor: Skin              |     5 |     3 |    16 ||    24
Dodge: Dodged            |    30 |    29 |    48 ||   107
Block: Other             |       |       |     3 ||     3

Table legend: (Time is in decaauts)
 A = Elapsed time spent in this place.
 B = Non-inter-level travel time spent in this place.
 C = Inter-level travel time spent in this place.
 D = Time resting spent in this place.
 E = Time spent auto-exploring this place.
 F = Levels seen in this place.
 G = Mean time per level.
                   A        B        C        D        E       F      G
               +--------+--------+--------+--------+--------+-----+--------+
         Total |   6339 |   6247 |     92 |   1017 |   4451 |   5 | 1267.8 |
       Dungeon |   6339 |   6247 |     92 |   1017 |   4451 |   5 | 1267.8 |
               +--------+--------+--------+--------+--------+-----+--------+

Top non-repeatable levels by time:
     D:4: 1578 daAuts
     D:1: 1471 daAuts
     D:2: 1263 daAuts
     D:3: 1107 daAuts
     D:5: 919 daAuts
